 Dungeon Crawl Stone Soup version 0.24.0-29-g8ce449bc06 (webtiles) character file.

Game seed: 11901719463266795381, levelgen mode: deterministic

277494 Flugslaktarn the Peltast (level 19, -41/180 HPs)
             Began as a Minotaur Fighter on Nov 14, 2019.
             Was the Champion of Makhleb.
             Killed from afar by a lich (59 damage)
             ... with an iron shot
             ... on level 5 of the Vaults.
             The game lasted 00:24:54 (30612 turns).

Flugslaktarn the Peltast (Minotaur Fighter)        Turns: 30612, Time: 00:24:55

Health: -41/180    AC: 37    Str: 28    XL:     19   Next: 60%
Magic:  26/26      EV:  9    Int:  5    God:    Makhleb [******]
Gold:   1236       SH: 23    Dex: 11    Spells: 18/18 levels left

rFire    . . .     SeeInvis .   G - +9 broad axe (chop)
rCold    . . .     Gourm    .   K - +2 large shield {AC+3}
rNeg     . . .     Faith    +   j - +3 plate armour {MR+}
rPois    +         Spirit   .   i - +2 hat {MR+}
rElec    .         Reflect  .   b - +1 cloak
rCorr    .         Harm     .   J - +0 pair of gloves
MR       ++++.                  (no boots)
Stlth    ..........             y - amulet of faith
HPRegen  0.40/turn              m - ring of protection from magic
MPRegen  0.20/turn              B - ring of Robustness {AC+8}

@: about to teleport, marked, heavily drained
A: retaliatory headbutt, horns 2, talons 1, low mp 1, poison resistance
}: 2/15 runes: serpentine, barnacled
a: Minor Destruction, Lesser Servant of Makhleb, Major Destruction, Greater
Servant of Makhleb, Renounce Religion


You were on level 5 of the Vaults.
You worshipped Makhleb.
Makhleb was exalted by your worship.
You were not hungry.

You visited 7 branches of the dungeon, and saw 36 of its levels.
You visited 1 bazaar.
You also visited: Gauntlet and Volcano.

You collected 2350 gold pieces.
You spent 1114 gold pieces at shops.

Inventory:

Hand Weapons
 G - a +9 broad axe of chopping (weapon)
   (You took it off Urug on level 10 of the Dungeon)
Missiles
 o - 6 throwing nets (quivered)
Armour
 b - a +1 cloak (worn)
   (You found it on level 8 of the Dungeon)
 c - the +1 pair of boots of Adghe {-Tele +Inv rElec Str+4}
   (You acquired it on level 10 of the Dungeon)

   It affects your strength (+4).
   It insulates you from electricity.
   It lets you turn invisible.
   It prevents most forms of teleportation.
 i - a +2 hat of magic resistance (worn)
   (You found it on level 1 of the Dungeon)
 j - a +3 plate armour of magic resistance (worn)
   (You found it on level 1 of the Dungeon)
 J - a +0 pair of gloves (worn)
   (You found it on level 4 of the Snake Pit)
 K - a +2 large shield of protection (worn)
   (You acquired it on level 3 of the Snake Pit)
 P - the +2 pair of boots of Responsibility {*Corrode rC++ rN+}
   (You found it on level 5 of the Vaults)

   It greatly protects you from cold.
   It protects you from negative energy.
   It may corrode you when you take damage.
Jewellery
 g - a +3 amulet of reflection
   (You found it on level 4 of the Dungeon)
 k - an uncursed ring of resist corrosion
   (You took it off an orc on level 5 of the Dungeon)
 m - a ring of protection from magic (left hand)
   (You took it off a crimson imp on level 5 of the Dungeon)
 y - an amulet of faith (around neck)
   (You found it in a Gauntlet)
 B - the ring of Robustness (right hand) {AC+8}
   (You found it in a Gauntlet)

   [ring of protection]

   It affects your AC (+8).
 C - the ring "Dex Wiebb" {Wiz rElec}
   (You found it in a Gauntlet)

   [ring of wizardry]

   It improves your spell success rate.
   It insulates you from electricity.
Wands
 f - a wand of paralysis (3)
   (You found it on level 11 of the Dungeon)
 l - a wand of iceblast (1)
   (You found it on level 5 of the Dungeon)
 v - a wand of digging (8)
   (You found it on level 3 of the Lair of Beasts)
 x - a wand of acid (25)
   (You took it off a gnoll on level 7 of the Dungeon)
 U - a wand of enslavement (9)
   (You found it on level 3 of the Vaults)
Scrolls
 r - a scroll of identify
 t - 9 scrolls of teleportation
 u - 19 scrolls of remove curse
 z - a scroll of blinking
 A - 3 scrolls of immolation
 I - 2 scrolls of fog
 L - 6 scrolls of enchant armour
 M - a scroll of silence
 N - 3 scrolls of brand weapon
 O - a scroll of fear
 R - a scroll of summoning
 T - a scroll of enchant weapon
Potions
 a - 2 potions of brilliance {unknown}
 d - 5 potions of might
 h - 7 potions of haste
 n - a potion of resistance
 p - 4 potions of ambrosia
 q - 7 potions of curing
 s - 3 potions of agility
 w - 7 potions of heal wounds
 D - 2 potions of mutation
 E - a potion of cancellation {unknown}
 F - 3 potions of lignification
 H - 3 potions of berserk rage
 S - a potion of flight {unknown}
Comestibles
 e - 42 rations


   Skills:
 + Level 18.5(15.9) Fighting
 - Level 18.0(15.4) Axes
 + Level 18.5(15.9) Armour
 + Level 8.4(6.4) Dodging
 + Level 18.6(15.9) Shields
 + Level 14.7(12.3) Invocations
 - Level 5.0(3.1) Evocations


You had 18 spell levels left.
You didn't know any spells.
Your spell library was empty.

Dungeon Overview and Level Annotations

Branches:
Dungeon (14/15)            Temple (1/1) D:7            Lair (6/6) D:10
 Shoals (4/4) Lair:2        Snake (4/4) Lair:4        Slime (0/5) Lair:5
    Orc (2/2) D:12            Elf (0/3) Orc:2        Vaults (5/5) D:14
  Crypt (0/3) Vaults:2    Volcano (visited)         Gauntlet (visited)

Altars:
Ashenzari
Cheibriados
Dithmenos
Elyvilon
Fedhas
Gozag
Hepliaklqana
Kikubaaqudgha
Makhleb
Okawaru
Qazlal
Sif Muna
Trog
Uskayaw
Vehumet
Wu Jian
Xom
Zin
The Shining One
Jiyva

Shops:
D:5 =   D:7 =   D:11 (   D:12 !   D:13 *   Orc:2 }?(   Snake:4 (   Vaults:2 %
Vaults:4 }=(

Portals:
Trove: D:12 (give horn of Geryon)

Annotations:
D:6 2 transporters, erloom's ghost, novice GnWn
Lair:2 1 runed translucent door, Reubyar's ghost, journeyman MiBe
Lair:4 exclusion: oklob plant
Lair:5 2 transporters
Orc:1 Maurice


Innate Abilities, Weirdness & Mutations

You reflexively headbutt those who attack you in melee.
You have a pair of horns on your head.
You have sharp toenails.
Your magical capacity is low. (-10% MP)
Your system is resistant to poisons. (rPois)


Message History

The shadow dragon bites you but does no damage.
The shadow dragon claws you but does no damage. x2
Unknown command.
The titan waves its arms in wide circles.
The air twists around and strikes you!!
* * * LOW HITPOINT WARNING * * *
The deep elf archer blinks!
The shadow dragon breathes negative energy at you.
The bolt of negative energy hits you but does no damage.
You feel drained.
Unknown command.
The deep elf archer shoots an arrow.
The arrow closely misses you.
The arrow hits the titan!
Unknown command.
The titan waves its arms in wide circles.
The air twists around and strikes you!!
* * * LOW HITPOINT WARNING * * *
The lich points at you and mumbles some strange words.
The iron shot hits you!!!
You die...

#..# ###....###.#o.#.#)..#
#..# ###.....###..#po..#.#.#
#..# ###......###O.#O.#....#.#
#..###.......###...#cc#))....#
#..#........###.pC#LoC.)#....#
#..#.......###oD.C#h.#..#....#
#..#......###.(pL#(eT#....#..#
#..#...).###(...e#CDDpC3C.#..#
#.)#....###(..@C#...#..#.....#
#......###..e...#4..#..#......
#....#######################..
#............. ..
#............. ##############


You could see a shadow dragon, 2 titans, a vault warden, a lich, an ettin, a
deep elf archer, an ironbrand convoker, a deep elf mage, an orc warrior and an
ogre.

Vanquished Creatures
  A golden dragon (Vaults:5)
  3 liches
  3 tentacled monstrosities
  2 sphinxes
  An ancient champion (Vaults:2)
  A storm dragon (Vaults:4)
  A shadow dragon (Vaults:5)
  A tengu reaver (Vaults:5)
  2 fire giants (Vaults:5)
  7 nagarajas (Snake:4)
  A frost giant (Vaults:3)
  A deep elf sorcerer (Vaults:5)
  2 vault wardens
  2 orc warlords
  8 ironheart preservers
  5 stone giants
  5 very ugly things (Vaults:5)
  A minotaur (Gauntlet)
  7 merfolk javelineers (Shoals:4)
  9 merfolk impalers
  2 small abominations (Vaults:5)
  Josephine (D:10)
  2 ettins (Vaults:5)
  3 deep elf death magi
  A deep elf high priest (Vaults:5)
  Fannar (Lair:2)
  A yaktaur captain (Vaults:1)
  2 great orbs of eyes
  28 vault guards
  An ice dragon (Vaults:4)
  15 naga warriors
  Erolcha (Orc:2)
  4 hydras
  Erica (Lair:1)
  3 alligator snapping turtles (Shoals:4)
  7 anacondas
  2 catoblepae
  2 death knights
  A centaur warrior (Vaults:2)
  13 two-headed ogres
  A tengu warrior (D:13)
  3 merfolk aquamancers
  A merfolk avatar (Shoals:4)
  A satyr (Shoals:4)
  A death scarab (Gauntlet)
  6 orc high priests (Orc:2)
  3 ogre magi
  15 death yaks
  A vampire mage (Vaults:2)
  Urug (D:10)
  A shock serpent (Snake:4)
  3 deep elf knights
  12 naga sharpshooters
  A large abomination (Vaults:5)
  A skeletal warrior (Vaults:3)
  2 salamander mystics
  A wizard (Vaults:2)
  6 naga ritualists
  7 sea snakes
  2 flayed ghosts
  2 glowing orange brains
  6 deep elf archers
  6 ironbrand convokers
  2 phantasmal warriors (Vaults:2)
  A necromancer (Gauntlet)
  2 lindwurms
  20 harpies
  Pikel (D:6)
  9 manticores
  5 orc sorcerers
  2 cyclopes (D:13)
  14 orc knights
  4 ugly things
  6 mana vipers
  A shining eye (shapeshifter) (Vaults:1)
  An oklob plant (Gauntlet)
  6 deep elf magi
  10 salamanders
  4 fauns (Shoals:2)
  8 merfolk sirens
  3 elephants
  Joseph (D:8)
  8 vault sentinels
  6 guardian serpents
  A torpor snail (Lair:2)
  22 black mambas
  5 gargoyles
  27 naga magi
  4 spiny frogs
  7 water nymphs
  A yaktaur zombie (Vaults:1)
  A komodo dragon (shapeshifter) (Vaults:4)
  A rime drake (Lair:1)
  A rime drake (shapeshifter) (Vaults:3)
  2 efreet
  4 komodo dragons
  A freezing wraith (Vaults:4)
  9 yaktaurs
  25 merfolk
  6 wind drakes
  A meliai (shapeshifter) (D:14)
  Prince Ribbit (D:8)
  9 trolls
  2 polar bears
  A hornet (shapeshifter) (Vaults:2)
  2 hornets
  A tyrant leech (shapeshifter) (Vaults:5)
  4 slime creatures (D:13)
  A hippogriff (shapeshifter) (Vaults:5)
  8 blink frogs (Lair:4)
  7 snapping turtles
  9 hippogriffs
  Sigmund (D:2)
  A shadow (D:11)
  5 wraiths
  8 water elementals
  A wyvern (D:11)
  6 fire bats (Volcano)
  Grum (D:8)
  A fire elemental (Volcano)
  4 basilisks
  A vampire (D:13)
  8 humans (D:14)
  32 yaks
  A human simulacrum (Vaults:1)
  Eustachio (D:5)
  3 hungry ghosts
  A yaktaur simulacrum (Vaults:1)
  2 steam dragons
  8 wargs
  7 water moccasins
  38 nagas
  A soldier ant (D:14)
  4 acid dragons
  A spectral spiny frog (Gauntlet)
  7 porcupines
  4 ice beasts
  8 sky beasts
  A slave (D:7)
  3 black bears
  22 ogres
  48 orc warriors
  4 phantoms
  An ettin simulacrum (Vaults:1)
  A necrophage (D:9)
  A boggart (Vaults:2)
  12 wolves
  10 centaurs
  13 crocodiles
  A big kobold (D:12)
  17 bullfrogs
  2 gnoll sergeants
  An earth elemental (Volcano)
  2 scorpions
  A water moccasin skeleton (D:8)
  6 killer bees (D:12)
  9 wights
  6 howler monkeys
  2 electric eels
  14 crimson imps
  5 bullfrog zombies
  4 centaur zombies
  7 lava snakes
  6 hounds
  6 jellies
  2 centaur skeletons
  33 orc priests
  A bullfrog skeleton (D:5)
  Jessica (D:2)
  2 iguanas
  32 orc wizards
  6 worker ants
  A hound zombie (D:11)
  A hound skeleton (D:4)
  A howler monkey zombie (D:7)
  12 adders
  6 gnolls
  3 shadow imps
  An adder skeleton (D:7)
  An adder zombie (D:5)
  A dart slug (D:1)
  3 worms
  9 leopard geckos
  115 orcs
  4 giant cockroaches
  8 goblins
  12 hobgoblins
  13 jackals
  7 kobolds
  A quokka (D:5)
  2 ball pythons
  7 bats
  9 frilled lizards
  A leopard gecko skeleton (D:4)
  8 rats
  5 bushes (Shoals:4)
  A crawling corpse (Vaults:5)
  2 fungi (Lair:4)
  5 plants
1190 creatures vanquished.

Vanquished Creatures (collateral kills)
  3 hydras
  A plant (Lair:4)
4 creatures vanquished.

Vanquished Creatures (others)
  A naga sharpshooter (Snake:4)
  A naga (Snake:1)
  A slave (D:7)
  2 boggarts (Vaults:2)
  A gnoll (D:7)
  An orc (D:10)
  2 fungi
  20 plants
29 creatures vanquished.

Grand Total: 1223 creatures vanquished

Notes
Turn   | Place    | Note
-------+----------+-------------------------------------------
     0 | D:1      | Flugslaktarn the Minotaur Fighter began the quest for the
                  | Orb.
     0 | D:1      | Reached XP level 1. HP: 19/19 MP: 0/0
   358 | D:1      | Reached XP level 2. HP: 27/27 MP: 1/1
   855 | D:1      | Reached XP level 3. HP: 33/33 MP: 2/2
   995 | D:2      | Found a shattered altar of Ashenzari.
  1108 | D:2      | Noticed Jessica
  1127 | D:2      | Killed Jessica
  1127 | D:2      | Reached XP level 4. HP: 40/40 MP: 3/3
  1136 | D:2      | Noticed Sigmund
  1180 | D:2      | Killed Sigmund
  1180 | D:2      | Reached skill level 5 in Axes
  1180 | D:2      | Reached XP level 5. HP: 13/47 MP: 4/4
  1966 | D:3      | Reached XP level 6. HP: 50/55 MP: 5/5
  2378 | D:4      | Reached skill level 5 in Shields
  2378 | D:4      | Reached skill level 5 in Fighting
  2422 | D:4      | Reached skill level 5 in Armour
  2496 | D:4      | Found a shadowy altar of Dithmenos.
  2582 | D:4      | Reached XP level 7. HP: 61/61 MP: 6/6
  2907 | D:4      | Found a white marble altar of Elyvilon.
  3066 | D:5      | Entered Level 5 of the Dungeon
  3117 | D:5      | Found a shimmering altar of Xom.
  3239 | D:5      | Reached XP level 8. HP: 35/70 MP: 7/7
  3784 | D:5      | Found a hazy altar of Hepliaklqana.
  3892 | D:5      | Noticed Eustachio
  3927 | D:5      | Killed Eustachio
  4017 | D:5      | Found Wacin's Jewellery Shoppe.
  4255 | D:5      | Found a shimmering blue altar of Sif Muna.
  4552 | D:6      | Found a transporter.
  4554 | D:6      | Found a transporter.
  4555 | D:6      | Noticed erloom's ghost (novice GnWn)
  4601 | D:6      | Reached XP level 9. HP: 68/79 MP: 8/8
  5044 | D:7      | Noticed Pikel
  5082 | D:6      | Killed Pikel
  5082 | D:6      | Reached skill level 10 in Axes
  5110 | D:7      | Found Hanirap's Jewellery Emporium.
  5414 | D:7      | Found an ancient bone altar of Kikubaaqudgha.
  5598 | D:7      | Found a staircase to the Ecumenical Temple.
  5645 | Temple   | Entered the Ecumenical Temple
  5785 | Temple   | Became a worshipper of Makhleb the Destroyer
  6076 | D:7      | Reached skill level 1 in Invocations
  6076 | D:7      | Reached XP level 10. HP: 79/90 MP: 9/9
  6185 | D:8      | Found an opulent altar of Gozag.
  6245 | D:8      | Noticed Grum
  6259 | D:8      | Noticed Prince Ribbit
  6264 | D:8      | Killed Grum
  6264 | D:8      | Reached * piety under Makhleb
  6271 | D:8      | Noticed Joseph
  6295 | D:8      | Killed Joseph
  6321 | D:8      | Killed Prince Ribbit
  7125 | D:9      | Found a radiant altar of Vehumet.
  7201 | D:9      | Noticed a two-headed ogre
  7210 | D:9      | Killed a two-headed ogre
  7877 | D:10     | Entered Level 10 of the Dungeon
  8164 | D:10     | Noticed an elephant
  8165 | D:10     | Reached XP level 11. HP: 96/96 MP: 12/12
  8174 | D:10     | Reached ** piety under Makhleb
  8225 | D:10     | Found a staircase to the Lair.
  8247 | D:10     | Noticed Urug
  8267 | D:10     | Killed Urug
  8517 | D:10     | Noticed Josephine
  8531 | D:10     | Killed Josephine
  8531 | D:10     | Reached skill level 10 in Fighting
  8531 | D:10     | Reached skill level 10 in Armour
  8531 | D:10     | Reached skill level 10 in Shields
  8554 | D:10     | Identified a scroll of acquirement
  8557 | D:10     | Got a pair of encrusted boots
  8563 | D:10     | Identified the +1 pair of boots of Adghe {-Tele +Inv rElec
                  | Str+4} (You acquired it on level 10 of the Dungeon)
  8881 | D:10     | Noticed a two-headed ogre
  8890 | D:10     | Killed a two-headed ogre
  9408 | Lair:1   | Entered Level 1 of the Lair of Beasts
  9437 | Lair:1   | Noticed a five-headed hydra
  9451 | Lair:1   | Killed a six-headed hydra
  9451 | Lair:1   | Reached skill level 5 in Invocations
  9456 | Lair:1   | Found a gate leading to a gauntlet.
  9465 | Gauntlet | Entered a Gauntlet
  9465 | Gauntlet | Found a transporter.
  9593 | Gauntlet | Noticed an oklob plant
  9595 | Gauntlet | Found a transporter.
  9597 | Gauntlet | Found a transporter.
  9601 | Gauntlet | Noticed a catoblepas
  9606 | Gauntlet | Found a transporter.
  9608 | Gauntlet | Found a transporter.
  9612 | Gauntlet | Noticed a brown ugly thing
  9612 | Gauntlet | Noticed a glowing orange brain
  9613 | Gauntlet | Noticed a glowing orange brain
  9614 | Gauntlet | Noticed a brown ugly thing
  9617 | Gauntlet | Found a transporter.
  9629 | Gauntlet | Noticed an orange crystal statue
  9632 | Gauntlet | Found a transporter.
  9640 | Gauntlet | Noticed a brown ugly thing
  9642 | Gauntlet | Found a transporter.
  9645 | Gauntlet | Noticed a great orb of eyes
  9649 | Gauntlet | Noticed a necromancer
  9651 | Gauntlet | Found the ring of Robustness {AC+8}
  9651 | Gauntlet | Noticed a death yak
  9652 | Gauntlet | Found a transporter.
  9652 | Gauntlet | Noticed a death yak
  9655 | Gauntlet | Noticed a death yak
  9657 | Gauntlet | Noticed a death yak
  9662 | Gauntlet | Noticed a green ugly thing
  9664 | Gauntlet | Found a transporter.
  9664 | Gauntlet | Found a transporter.
  9678 | Gauntlet | Found a transporter.
  9686 | Gauntlet | Found a runed translucent door.
  9688 | Gauntlet | Found a transporter.
  9751 | Gauntlet | Noticed a death scarab
  9759 | Gauntlet | Found a runed translucent door.
  9763 | Gauntlet | Found a transporter.
  9812 | Gauntlet | Killed an oklob plant
  9971 | Gauntlet | Killed a death scarab
 10186 | Gauntlet | Killed a necromancer
 10186 | Gauntlet | Reached XP level 12. HP: 107/107 MP: 15/15
 10190 | Gauntlet | Killed a death yak
 10194 | Gauntlet | Killed a death yak
 10196 | Gauntlet | Killed a death yak
 10198 | Gauntlet | Killed a death yak
 10206 | Gauntlet | Got a glittering iron ring
 10221 | Gauntlet | Noticed a minotaur
 10229 | Gauntlet | Killed a minotaur
 10229 | Gauntlet | Reached *** piety under Makhleb
 10350 | Lair:1   | Noticed Erica
 10361 | Lair:1   | Killed Erica
 10419 | Lair:1   | You fall into a shaft and drop 1 floor!
 10689 | Lair:2   | Noticed Fannar
 10713 | Lair:2   | Killed Fannar
 10713 | Lair:2   | Reached skill level 15 in Axes
 10933 | Lair:2   | Found a staircase to the Shoals.
 11004 | Lair:2   | Got a steaming large shield
 11015 | Lair:2   | Identified the cursed +0 large shield "Uvuoj" {rN+} (You
                  | found it on level 2 of the Lair of Beasts)
 11116 | Lair:2   | Found a runed translucent door.
 11118 | Lair:2   | Identified the ring "Dex Wiebb" {Wiz rElec} (You found it
                  | in a Gauntlet)
 11120 | Lair:2   | Noticed Reubyar's ghost (journeyman MiBe)
 11666 | Lair:3   | Noticed a four-headed hydra
 11681 | Lair:3   | Killed a six-headed hydra
 12125 | Lair:3   | Reached XP level 13. HP: 116/116 MP: 17/17
 12384 | Lair:4   | Reached skill level 1 in Evocations
 12391 | Lair:4   | Reached **** piety under Makhleb
 12654 | Lair:4   | Found a dark tunnel.
 12663 | Volcano  | Entered a volcano
 12814 | Volcano  | Noticed a stone giant
 12829 | Volcano  | Killed a stone giant
 12917 | Volcano  | Found a burning altar of Makhleb.
 13095 | Volcano  | Found a burning altar of Makhleb.
 13397 | Lair:4   | Found a blossoming altar of Fedhas.
 13493 | Lair:4   | Found a staircase to the Snake Pit.
 13971 | Lair:5   | Found a transporter.
 14373 | Lair:5   | Found a staircase to the Slime Pits.
 14374 | Lair:5   | Found a viscous altar of Jiyva.
 14476 | Lair:5   | Found a transporter.
 14862 | Lair:6   | Entered Level 6 of the Lair of Beasts
 15905 | Lair:6   | Reached XP level 14. HP: 126/126 MP: 19/19
 16932 | D:11     | Reached ***** piety under Makhleb
 16971 | D:11     | Found Humu's Antique Weapon Shop.
 17998 | D:12     | Found a staircase to the Orcish Mines.
 18065 | Orc:1    | Entered Level 1 of the Orcish Mines
 18065 | Orc:1    | Noticed an orc warlord
 18335 | D:12     | Found a portal to a secret trove of treasure.
 18388 | D:12     | Found Potit's Distillery.
 18394 | D:12     | Bought a potion of heal wounds for 65 gold pieces
 18394 | D:12     | Bought a potion of heal wounds for 65 gold pieces
 18394 | D:12     | Bought a potion of haste for 130 gold pieces
 18394 | D:12     | Bought a potion of heal wounds for 65 gold pieces
 18394 | D:12     | Bought a potion of haste for 130 gold pieces
 18394 | D:12     | Bought a potion of haste for 130 gold pieces
 18394 | D:12     | Bought 2 potions of mutation for 208 gold pieces
 18407 | D:12     | Gained mutation: Your system is resistant to poisons.
                  | (rPois) [potion of mutation]
 18407 | D:12     | Gained mutation: Your magical capacity is low. (-10% MP)
                  | [potion of mutation]
 18407 | D:12     | Gained mutation: You have sharp toenails. [potion of
                  | mutation]
 18799 | D:12     | Reached ****** piety under Makhleb
 18966 | D:12     | Killed an orc warlord
 19247 | Orc:2    | Entered Level 2 of the Orcish Mines
 19335 | Orc:2    | Noticed an orc warlord
 19354 | Orc:2    | Killed an orc warlord
 19386 | Orc:2    | Noticed Erolcha
 19763 | Orc:2    | Killed Erolcha
 19763 | Orc:2    | Reached skill level 5 in Evocations
 19800 | Orc:2    | Found a staircase to the Elven Halls.
 20831 | Orc:2    | Reached XP level 15. HP: 136/136 MP: 18/18
 20991 | Orc:2    | Found Vuimyom's Gadget Shop.
 20994 | Orc:2    | Found Sutu's Weapon Shop.
 20995 | Orc:2    | Found Betzun's Antique Weapon Shop.
 20996 | Orc:2    | Found Gociat's Magic Scroll Boutique.
 21002 | Orc:2    | Bought a scroll of enchant weapon for 90 gold pieces
 21002 | Orc:2    | Bought a scroll of fear for 42 gold pieces
 21002 | Orc:2    | Bought a scroll of fog for 24 gold pieces
 21002 | Orc:2    | Bought a scroll of magic mapping for 42 gold pieces
 21128 | Orc:1    | Noticed Maurice
 21656 | Snake:1  | Entered Level 1 of the Snake Pit
 21829 | Snake:1  | Reached skill level 10 in Invocations
 22636 | Snake:3  | Found a shadowy altar of Dithmenos.
 22864 | Snake:4  | Entered Level 4 of the Snake Pit
 22933 | Snake:4  | Reached XP level 16. HP: 147/147 MP: 20/20
 23111 | Snake:4  | Found Toap's Antique Weapon Boutique.
 23354 | Snake:4  | Reached skill level 15 in Shields
 23444 | Snake:4  | Reached skill level 15 in Fighting
 23662 | Snake:4  | Reached skill level 15 in Armour
 23918 | Snake:4  | Got a serpentine rune of Zot
 24322 | Shoals:1 | Entered Level 1 of the Shoals
 24576 | Shoals:2 | Reached XP level 17. HP: 158/158 MP: 22/22
 24801 | Shoals:4 | Entered Level 4 of the Shoals
 24980 | Shoals:4 | Got a wavering jade amulet
 24981 | Shoals:4 | Identified the amulet of Moodiness {Spirit rPois} (You
                  | found it on level 4 of the Shoals)
 26140 | Shoals:4 | Got a barnacled rune of Zot
 27047 | D:13     | Reached skill level 1 in Dodging
 27299 | D:13     | Found Baenem's General Store.
 27304 | D:13     | Bought a scroll of identify for 26 gold pieces
 27306 | D:13     | Bought a scroll of enchant armour for 97 gold pieces
 27436 | D:14     | Found a bloodstained altar of Trog.
 27898 | D:14     | Found a gate to the Vaults.
 27911 | Vaults:1 | Entered Level 1 of the Vaults
 28013 | Vaults:1 | Reached XP level 18. HP: 169/169 MP: 24/24
 28069 | Vaults:2 | Found a staircase to the Crypt.
 28384 | Vaults:2 | Found Xowkec's Food Shoppe.
 28543 | Vaults:4 | Found Yfirunecw's Gadget Shop.
 28555 | Vaults:4 | Found Newomp's Jewellery Shop.
 28744 | Vaults:4 | Found Zixkipad's Weapon Emporium.
 28764 | Vaults:4 | Reached skill level 5 in Dodging
 28804 | Vaults:4 | Found a flickering gateway to a bazaar.
 28824 | Bazaar   | Entered a bazaar
 28824 | Bazaar   | Found Alybaivu's Armour Boutique.
 28824 | Bazaar   | Found Ystex's Antique Weapon Shop.
 28824 | Bazaar   | Found Giulecel's Armour Shop.
 28908 | Vaults:4 | Noticed a tentacled monstrosity
 28916 | Vaults:4 | Killed a tentacled monstrosity
 29061 | Vaults:4 | Found the +8 Wrath of Trog {antimagic, *Rage}
 29466 | Vaults:4 | Noticed a lich
 29475 | Vaults:4 | Killed a lich
 29560 | Vaults:4 | Noticed a lich
 29574 | Vaults:4 | Killed a lich
 29934 | Vaults:5 | Entered Level 5 of the Vaults
 29934 | Vaults:5 | Noticed a lich
 29949 | Vaults:5 | Killed a lich
 29956 | Vaults:5 | Reached XP level 19. HP: 179/179 MP: 25/25
 29993 | Vaults:5 | Noticed a golden dragon
 30362 | Vaults:5 | Killed a golden dragon
 30522 | Vaults:5 | Got a pair of slimy boots
 30528 | Vaults:5 | Identified the +2 pair of boots of Responsibility {*Corrode
                  | rC++ rN+} (You found it on level 5 of the Vaults)
 30583 | Vaults:5 | Identified the +9 hand axe of Twilight {protect, MP+9 Str+4
                  | Stlth+}
 30597 | Vaults:5 | Identified the amulet "Qeha" {+Rage Int+4}
 30612 | Vaults:5 | Killed from afar by a lich

Levels and vault maps discovered:
D:1:      minmay_arrival_glassed_features, layout_basic, chequers_jeans
D:2:      layout_basic, ashenzari_altar_1, first_ration, uniq_sigmund,
          uniq_jessica
D:3:      layout_rooms, serial_bayou, serial_bayou_lagoon_a,
          serial_bayou_pond_e, serial_bayou_pond_b, serial_bayou_shore_b
D:4:      layout_basic, elyvilon_altar_1, grunt_dithmenos_smoke_and_mirrors
D:5:      cheibrodos_iron_armory, layout_basic, lemuel_round_altar,
          old_standard_altar, serial_shops, shop_fountains, led_xom_imps,
          uniq_eustachio
D:6:      layout_loops_cross, gammafunk_ghost_hive, minmay_manual_monstrance
D:7:      layout_cave_pools, kennysheep_mini_moat,
          minmay_temple_entry_crystal_x, serial_shops,
          nicolae_shop_behind_doors, grunt_ogre_cave, minmay_manual_mail,
          uniq_pikel
D:8:      layout_cave_pools, kennysheep_mini, roderic_serpentine_path,
          uniq_joseph, uniq_grum, uniq_prince_ribbit1
D:9:      layout_irregular_city, fiery_altar_vehumet, minmay_strange_pillars
D:10:     nrook_guardian_serpent_snake_passage, layout_loops_ring,
          david_lair_generic, uniq_urug, uniq_josephine
D:11:     minmay_slanted_spiral_squares, layout_basic, serial_shops, shop
D:12:     layout_loops_corners, hiddenorc1_lemuel, enter_trove_2, serial_shops,
          shop, grunt_ministairs_8
D:13:     layout_rooms, serial_shops, kennysheep_little_box
D:14:     layout_loops_corners, ximxim_vaults_locker_room,
          portal_ice_cave_demonic_guard, kennysheep_cross_landing, basic_altar,
          st_stairs_10, trog_wizard
Temple:   dpeg_chambers_temple
Lair:1:   layout_gridlike, gauntlet_entry_generic, uniq_erica
Lair:2:   layout_regular_city, elwin_shoals_entry_rooms,
          ebering_ghost_inner_flame, minmay_hedge_maze, grunt_megastairs_4,
          infiniplex_staircase_pool, uniq_fannar
Lair:3:   layout_gridlike, minivault_26, chequers_serial_rivers_large_a,
          chequers_serial_rivers_micro_c
Lair:4:   layout_roguey, guppyfry_snake_entry_garden,
          nicolae_volcano_entry_vermiform, tgw_fedhas
Lair:5:   gammafunk_cloud_chamber, layout_layer_cave, slime_altar_1,
          lemuel_fruit_tree
Lair:6:   grunt_lair_end_beastmaster, layout_gridlike, serial_bayou_lake_a
Shoals:1: layout_shoals, ebering_ghost_reflecting_pool
Shoals:2: layout_shoals
Shoals:3: layout_shoals, st_shoals_ruin
Shoals:4: shoals_end_simple, layout_shoals, yaktaur_hedge
Snake:1:  layout_misc_corridors, st_stairs_1, grunt_ministairs_8,
          hangedman_snake_corridor_split
Snake:2:  layout_cave_town
Snake:3:  layout_onion, serial_shops, nicolae_shop_stone, basic_altar
Snake:4:  snake_pit, layout_chambers, serial_shops, shop_fountains, drop_trap,
          st_stairs_4, corexii_hall_statues_l
Orc:1:    layout_diamond_mine, uniq_maurice
Orc:2:    st_orc_pillars, layout_caves, elf_legates, uniq_erolcha
Vaults:1: dpeg_vaults_monster_box, vaults_room_glass_cross,
          vaults_room_stairs_pillars, ontoclasm_vaults_shuriken,
          vaults_standard_mumra_lines, ontoclasm_vaults_chip,
          vaults_mumra_chevron_long, nicolae_vaults_big_ls, vaults_dpeg_hooks,
          grunt_vaults_diagonal, layout_vaults_omnicross, serial_shops,
          nicolae_shop_stone
Vaults:2: hangedman_vaults_cutoff, ontoclasm_vaults_twist, v_alt_pattern_3,
          hangedman_vaults_locks, nicolae_vaults_yaktaur_gun_rack,
          ontoclasm_vaults_spin, minmay_crypt_entry_simple_statues,
          ontoclasm_vaults_misaligned, hangedman_vaults_pinch,
          vaults_room_fancy_cross, nicolae_vaults_little_squares_1,
          nicolae_vaults_windows_and_doors_thing, vaults_room_door_ring,
          layout_vaults_maze_bifur, serial_shops, shop
Vaults:3: vaults_room_door_ring, hangedman_vaults_hard_town_square,
          nicolae_vaults_what_the_h, v_misc_3, hangedman_vaults_capsules,
          vaults_dpeg_diagonal, ontoclasm_vaults_hangar, v_alt_pattern_6,
          v_rooms_2, vaults_room_boxed, layout_vaults_big_room
Vaults:4: nicolae_vaults_display_case, grunt_vaults_funnel, v_misc_16,
          ontoclasm_vaults_fault, v_misc_12, vaults_room_grunt_arrival_ludios,
          vaults_room_grid, layout_vaults_quadrants, serial_shops,
          bzr_in_the_mist, shop, nicolae_shop_temple_entry_statues_fountains,
          shop
Vaults:5: serial_shops

Skill      XL: |  1  2  3  4  5  6  7  8  9 10 11 12 13 14 15 16 17 18 19 |
---------------+----------------------------------------------------------+-----
Axes           | 3 5 6 7 9 11 12 13 15 16 17 18 | 18.0
Fighting       | 4 5 6 7 8 9 10 11 12 13 14 16 17 18 | 18.5
Armour         | 4 5 6 7 8 9 10 11 12 13 14 15 17 18 | 18.5
Shields        | 4 5 6 7 8 9 10 11 12 13 14 16 17 18 | 18.6
Invocations    | 1 3 5 6 8 9 10 12 13 14 | 14.7
Evocations     | 3 5 |  5.0
Dodging        | 3 6 8 |  8.4

Action                   |  1- 3 |  4- 6 |  7- 9 | 10-12 | 13-15 | 16-18 | 19-21 || total
-------------------------+-------+-------+-------+-------+-------+-------+-------++-------
Melee: War axe           |    97 |   147 |   370 |   233 |       |       |       ||   847
       Headbutt          |    13 |    23 |    65 |   109 |   228 |   279 |    43 ||   760
       Broad axe         |       |       |       |   276 |  1109 |  1191 |   154 ||  2730
       Kick              |       |       |       |       |   210 |   414 |    63 ||   687
Invok: Lesser Servant of |       |       |       |     2 |    12 |       |       ||    14
Evoke: Wand              |       |       |     2 |     8 |     4 |     3 |       ||    17
  Use: Potion            |       |     4 |       |     1 |     2 |     1 |     1 ||     9
       Scroll            |       |       |    11 |    10 |    14 |     5 |     2 ||    42
 Stab: Distracted        |       |       |       |       |     1 |       |       ||     1
  Eat: Chunk             |     1 |     5 |    12 |    19 |    29 |    21 |       ||    87
       Ration            |       |       |       |     1 |     2 |     1 |     1 ||     5
Armor: Scale mail        |    14 |       |       |       |       |       |       ||    14
       Plate armour      |    46 |    65 |   188 |   188 |   439 |   571 |   116 ||  1613
       Skin              |       |    11 |       |       |       |       |       ||    11
Dodge: Dodged            |    18 |    11 |    64 |    71 |   116 |   163 |    56 ||   499
Block: Shield            |    57 |    65 |   268 |   321 |       |       |       ||   711
       Reflection        |       |       |     6 |    14 |       |       |       ||    20
       Large shield      |       |       |       |    51 |   945 |  1317 |   251 ||  2564
